 Dungeon Crawl Stone Soup version 0.29.1-12-g30fa7ad0bf (webtiles) character file.

Game seed: 9398820615596507933

4722 Strafespey the Covert (level 10, -1/61 HPs)
             Began as a Kobold Enchanter on Dec 22, 2022.
             Was a Follower of Wu Jian.
             Slain by an unseen horror (6 damage)
             ... on level 7 of the Dungeon.
             The game lasted 00:33:50 (10391 turns).

Strafespey the Covert (Kobold Enchanter)           Turns: 10391, Time: 00:33:50

Health: -1/61      AC:  5    Str: 13    XL:     10   Next: 73%
Magic:  13/13      EV: 19    Int: 19    God:    Wu Jian [*.....]
Gold:   517        SH:  0    Dex: 14    Spells: 8/13 levels left

rFire   . . .      SeeInvis .   b - +0 dagger (distort)
rCold   . . .      Faith    .   (no shield)
rNeg    . . .      Spirit   .   t - +0 steam dragon scales
rPois   .          Reflect  .   (helmet restricted)
rElec   .          Harm     .   (no cloak)
rCorr   .          Rampage  .   (no gloves)
Will    .....                   (no boots)
Stlth   +++++.....              (no amulet)
HPRegen 0.20/turn               (no ring)
MPRegen 0.13/turn               (no ring)

@: hasted, invisible, unable to drink, very quick
A: small, no large weapons, nightstalker 3, antennae 1, clever 1, strong 1,
inability to drink after injury 1
a: Renounce Religion


You were on level 7 of the Dungeon.
You worshipped Wu Jian.
Wu Jian was aware of your devotion.
You visited 2 branches of the dungeon, and saw 9 of its levels.

You collected 517 gold pieces.

Inventory:

Hand Weapons
 a - a +2 dagger of venom
 b - a +0 dagger of distortion (weapon)
Missiles
 v - 6 poisoned darts
 x - a throwing net
 F - 5 curare-tipped darts (quivered)
Armour
 t - +0 steam dragon scales (worn)
 B - a +2 chain mail of poison resistance
Jewellery
 i - a ring of poison resistance
 J - a ring of ice
Wands
 A - a wand of quicksilver (14)
 G - a wand of flame (11)
 H - a wand of polymorph (8)
 I - a wand of paralysis (4)
Scrolls
 d - 6 scrolls of teleportation
 k - 2 scrolls of vulnerability
 n - a scroll of silence
 s - a scroll of magic mapping
 y - a scroll of immolation {unknown}
 z - a scroll of brand weapon {unknown}
 C - a scroll of fear {unknown}
 D - 2 scrolls of enchant weapon {unknown}
 E - 2 scrolls of enchant armour {unknown}
Potions
 e - a potion of lignification {unknown}
 f - a potion of heal wounds
 g - 2 potions of mutation
 h - a potion of cancellation {unknown}
 l - 2 potions of haste
 m - 4 potions of curing
 o - 3 potions of attraction {unknown}
 p - 2 potions of ambrosia
 q - 2 potions of flight {unknown}
 r - a potion of magic {unknown}


   Skills:
 + Level 6.6 Fighting
 - Level 10.0 Short Blades
 - Level 2.0 Throwing
 - Level 10.0 Dodging
 - Level 10.0 Stealth
 - Level 2.3 Spellcasting
 - Level 3.1 Hexes
 - Level 5.0 Evocations


You had 8 spell levels left.
You knew the following spells:

 Your Spells              Type           Power      Damage    Failure   Level
a - Ensorcelled Hibernat  Hex/Ice        16%        N/A       13%         2
b - Tukima's Dance        Hex            14%        N/A       14%         3

Your spell library contained the following spells:

 Spells                   Type           Power      Damage    Failure   Level
 Confusing Touch          Hex            14%        N/A       14%         3
 Summon Small Mammal      Summ           8%         N/A       16%         1
 Dazzling Flash           Conj/Hex       16%        N/A       26%         3
 Summon Guardian Golem    Hex/Summ       8%         N/A       26%         3
 Call Canine Familiar     Summ           2%         N/A       43%         3


Dungeon Overview and Level Annotations

Branches:
Dungeon (8/15)             Temple (1/1) D:4
   Lair: D:8-11

Altars:
Ashenzari
Cheibriados
Dithmenos
Elyvilon
Fedhas
Gozag
Hepliaklqana
Kikubaaqudgha
Makhleb
Nemelex Xobeh
Qazlal
Ru
Sif Muna
Trog
Vehumet
Wu Jian
Xom
Yredelemnul
Zin
The Shining One

Shops:
D:2 (

Annotations:
Abyss:1 Dowan


Innate Abilities, Weirdness & Mutations

You are small and have problems with some larger weapons.
You are completely attuned to the shadows.
You have a pair of small antennae on your head.
Your mind is acute. (Int +4, Str/Dex -1)
Your muscles are strong. (Str +4, Int/Dex -1)
You occasionally lose the ability to drink potions when taking damage.


Message History

The vampire mosquito buzzes angrily.
Okay, then.
Blink to where?
Press: ? - help, Dir - move target Really blink into that cloud of poison gas?
As you read the scroll of blinking, it crumbles to dust.
You are lethally poisoned!
* * * LOW HITPOINT WARNING * * *
x2 You feel very sick.
You feel much better.
You are lethally poisoned!
* * * LOW HITPOINT WARNING * * *
You feel very sick. Something hits you!
* * * LOW HITPOINT WARNING * * *
You feel better.
You are poisoned.
* * * LOW HITPOINT WARNING * * *
You feel very sick. Something hits you.
* * * LOW HITPOINT WARNING * * *
* * * LOW HITPOINT WARNING * * *
You feel sick.
You feel better. Something hits you.
* * * LOW HITPOINT WARNING * * *
Okay, then.
Something hits you.
* * * LOW HITPOINT WARNING * * *
Something barely misses you.
You feel much better. Something hits you!
* * * LOW HITPOINT WARNING * * *
Something barely misses you. Something hits you.
* * * LOW HITPOINT WARNING * * *
Something hits you!
You feel threatened and lose the ability to drink potions!
* * * LOW HITPOINT WARNING * * *
Something hits you.
You die...

#.#.#..y?K #.#.##. #...Cu.u#?
##.#..# #.#.#§..(. #.#.##.
#.#{##.K(. ##.#.##. #.##.
#![!##.###..# #..##.#####.## ##.#
.#...... ##..##.....## ##.
........# #####{.###.### ##
........# ##...@.##.....## ##.
.......# #.....##...#...## ##..
.......# ##....##..##.##..###..#
.......# #.....#..##...##..#..#.
......## ##.....#...#†..#...#.#..
.......###.........##...##...#..#
........##......#...#...#...#.#..
................#..##...##..#..#.
.....###......(.##..##.##..###..#


There were no monsters in sight!

Vanquished Creatures
  A deep elf pyromancer (D:7)
  An ugly thing (D:7)
  A hornet (D:7)
  Grinder (D:6)
  Eustachio (D:6)
  2 wyverns (D:7)
  A steam dragon (D:7)
  Menkaure (D:7)
  Duvessa (D:7)
  A water moccasin (D:7)
  An ice beast (D:6)
  An orc warrior (D:7)
  2 sky beasts
  An ogre (D:6)
  2 centaurs
  A phantom (D:6)
  6 bullfrogs (D:7)
  A necrophage (D:5)
  3 scorpions
  3 wights (D:6)
  3 howler monkeys (D:7)
  2 gnoll boudas (D:7)
  4 hounds
  6 iguanas
  2 jellies (D:4)
  4 orc wizards
  Robin (D:4)
  7 adders
  7 gnolls
  A white imp (D:6)
  9 worms
  17 orcs
  7 endoplasms
  3 giant cockroaches
  22 hobgoblins
  7 jackals (D:1)
  8 quokkas
  3 ball pythons
  4 bats
  2 frilled lizards
  17 goblins
  8 kobolds
  5 rats
181 creatures vanquished.

Notes
Turn   | Place    | Note
-------+----------+-------------------------------------------
     0 | D:1      | Strafespey the Kobold Enchanter began the quest for the
                  | Orb.
     0 | D:1      | Reached XP level 1. HP: 10/10 MP: 3/3
   277 | D:1      | Reached XP level 2. HP: 15/15 MP: 5/5
   485 | D:1      | Reached skill level 1 in Fighting
   686 | D:1      | Found a faded altar of an unknown god.
   705 | D:1      | Reached XP level 3. HP: 11/20 MP: 6/6
   714 | D:1      | Learned a level 2 spell: Ensorcelled Hibernation
  2012 | D:2      | Reached XP level 4. HP: 25/26 MP: 7/7
  2022 | D:2      | Reached skill level 5 in Stealth
  2784 | D:2      | Found Omubbuo's Weapon Emporium.
  3271 | D:3      | Reached XP level 5. HP: 30/30 MP: 8/8
  4751 | D:4      | Noticed Robin
  4753 | D:4      | Killed Robin
  4754 | D:4      | Reached skill level 1 in Throwing
  4796 | D:4      | Reached XP level 6. HP: 35/35 MP: 9/9
  4951 | D:4      | Found a staircase to the Ecumenical Temple.
  5018 | Temple   | Entered the Ecumenical Temple
  5040 | Temple   | Became a worshipper of the Wu Jian Council
  5246 | D:4      | Found a sacrificial altar of Ru.
  5247 | D:4      | Found an opulent altar of Gozag.
  5251 | D:4      | Found a sparkling altar of Nemelex Xobeh.
  5605 | D:4      | Reached XP level 7. HP: 32/40 MP: 3/10
  6101 | D:4      | Reached skill level 5 in Dodging
  6350 | D:5      | Entered Level 5 of the Dungeon
  6563 | D:5      | Found a snail-covered altar of Cheibriados.
  6564 | D:5      | Found a glowing golden altar of the Shining One.
  6567 | D:5      | Found a radiant altar of Vehumet.
  6572 | D:5      | Found a basalt altar of Yredelemnul.
  6576 | D:5      | Found a stormy altar of Qazlal.
  6578 | D:5      | Found a white marble altar of Elyvilon.
  6578 | D:5      | Reached * piety under Wu Jian
  6581 | D:5      | Found a burning altar of Makhleb.
  6582 | D:5      | Found a broken altar of Ashenzari.
  6883 | D:5      | Reached skill level 5 in Short Blades
  7170 | D:5      | Reached XP level 8. HP: 44/44 MP: 11/11
  7773 | D:6      | Learned a level 3 spell: Tukima's Dance
  8053 | D:6      | Reached skill level 10 in Stealth
  8238 | D:6      | Noticed Grinder
  8242 | D:6      | Killed Grinder
  8243 | D:6      | Reached XP level 9. HP: 48/48 MP: 12/12
  8374 | D:6      | Gained mutation: You are clumsy. (Dex -2) [mutagenic glow]
  8446 | D:6      | Noticed Eustachio
  8550 | D:6      | Killed Eustachio
  8965 | D:7      | Gained mutation: You sometimes lose your temper in combat.
                  | [mutagenic glow]
  8982 | D:6      | Gained mutation: You have hidden genetic defects.
                  | [mutagenic glow]
  9203 | D:7      | Noticed Dowan
  9205 | D:7      | Noticed Duvessa
  9226 | D:7      | Killed Duvessa
  9227 | D:7      | Reached skill level 10 in Dodging
  9227 | D:7      | Reached skill level 1 in Evocations
  9231 | D:7      | Banished Dowan
  9402 | D:7      | Gained mutation: Your magical capacity is low. (-10% MP)
                  | [hidden defects]
  9488 | D:7      | Reached skill level 5 in Evocations
  9513 | D:7      | Gained mutation: You occasionally lose the ability to drink
                  | potions when taking damage. [hidden defects]
  9513 | D:7      | Lost mutation: You have hidden genetic defects. [hidden
                  | defects expressed]
  9555 | D:6      | Lost mutation: You sometimes lose your temper in combat.
                  | [potion of mutation]
  9555 | D:6      | Lost mutation: You are clumsy. (Dex -2) [potion of
                  | mutation]
  9555 | D:6      | Lost mutation: Your magical capacity is low. (-10% MP)
                  | [potion of mutation]
  9555 | D:6      | Gained mutation: You have a pair of small antennae on your
                  | head. [potion of mutation]
  9555 | D:6      | Gained mutation: Your muscles are strong. (Str +4, Int/Dex
                  | -1) [potion of mutation]
  9555 | D:6      | Gained mutation: Your mind is acute. (Int +4, Str/Dex -1)
                  | [potion of mutation]
  9689 | D:7      | Reached XP level 10. HP: 58/58 MP: 13/13
  9841 | D:7      | You fall into a shaft and drop 1 floor!
 10078 | D:7      | Noticed Menkaure
 10081 | D:7      | Killed Menkaure
 10367 | D:7      | Noticed a cyclops
 10368 | D:7      | Noticed a deep elf pyromancer
 10368 | D:7      | Noticed a white ugly thing
 10371 | D:7      | Noticed a green ugly thing
 10371 | D:7      | Killed a white ugly thing
 10371 | D:7      | Noticed a green ugly thing
 10372 | D:7      | Reached skill level 10 in Short Blades
 10372 | D:7      | Reached skill level 5 in Fighting
 10377 | D:7      | Killed a deep elf pyromancer
 10391 | D:7      | Slain by an unseen horror

Illustrated notes

Levels and vault maps discovered:
D:1:      lightli_arrival_statue_moat, layout_basic,
          hellmonk_ecumenical_altar_dog_temple, dk_noncrumbling_3
D:2:      cheibrodos_greedy_goblins, layout_basic, serial_shops,
          nicolae_shop_crystal
D:3:      minmay_angry_zag, layout_loops_ring, minmay_close_crescents
D:4:      layout_loops_cross, grunt_temple_overflow_diamond,
          minmay_temple_entry_overgrown, minmay_starry_boxes, uniq_robin
D:5:      layout_rooms, nicolae_overflow_hallway_of_the_gods, serial_curves,
          eino_curves_03, eino_curves_04, amethyst_killhole, sigmund_army
D:6:      layout_loops_cross, uniq_grinder, uniq_eustachio
D:7:      minmay_the_grid_octo_2x2 [minmay_the_grid_octo_checkerflower,
          minmay_the_grid_octo_thin_diamonds, minmay_the_grid_octo_chip,
          minmay_the_grid_octo_prize_big_c], layout_cave_pods, st_stairs_9,
          uniq_menkaure, uniq_duvessa
D:8:      layout_rooms, old_standard_altar, dpeg_lair_monsters, lightli_minifort
Temple:   hellmonk_temple_rainy

Skill      XL: |  1  2  3  4  5  6  7  8  9 10 |
---------------+-------------------------------+-----
Fighting       | 1 2 4 6 |  6.6
Stealth        | 6 7 8 10 | 10.0
Throwing       | 1 2 |  2.0
Dodging        | 4 5 7 10 | 10.0
Short Blades   | 5 6 10 | 10.0
Evocations     | 5 |  5.0
Spellcasting   | |  2.3
Hexes          | |  3.1

Action                   |  1- 3 |  4- 6 |  7- 9 | 10-12 || total
-------------------------+-------+-------+-------+-------++-------
Melee: Dagger            |    85 |   161 |   180 |    29 ||   455
       Punch             |     1 |     1 |     1 |       ||     3
Throw: Dart              |       |       |     3 |       ||     3
 Cast: Ensorcelled Hiber |       |     9 |     7 |       ||    16
Invok: Lunge             |       |     1 |    26 |     9 ||    36
       Whirlwind         |       |       |     8 |       ||     8
  Use: Scroll            |       |     8 |     5 |     2 ||    15
       Potion            |       |       |     4 |     6 ||    10
 Stab: Sleeping          |    13 |    32 |    22 |    12 ||    79
       Distracted        |       |     2 |     4 |       ||     6
Armor: Robe              |    12 |    18 |    13 |       ||    43
       Steam dragon scal |       |       |       |     1 ||     1
Dodge: Dodged            |    46 |    67 |   126 |    13 ||   252
